 Dungeon Crawl Stone Soup version 0.31.0-11-ge490571c62 (webtiles) character file.

Game seed: 7072570419005583313

151 sasquatch the Chopper (level 5, 0/70 HPs)
             Began as a Minotaur Monk on Jan 30, 2024.
             Was a Priest of Zin.
             Slain by a gnoll
             ... wielding a +0 flail
             ... led by a gnoll bouda
              (6 damage)
             ... on level 4 of the Dungeon.
             The game lasted 00:03:31 (2355 turns).

sasquatch the Chopper (Minotaur Monk)               Turns: 2355, Time: 00:03:32

Health: 0/70       AC: 22    Str: 18    XL:     5   Next: 10%
Magic:  4/4        EV:  2    Int:  7    God:    Zin [***...]
Gold:   95         SH:  0    Dex: 18    Spells: 4/4 levels left

rFire   + . .        a - +0 hand axe
rCold   + . .        d - orb {light}
rNeg    . . .        r - melded +0 chain mail
rPois   +            (helmet currently unavailable)
rElec   +            (cloak currently unavailable)
rCorr   +            i - melded +0 pair of gloves
SInv    .            (boots currently unavailable)
Will    +....        (no amulet)
Stlth   +            p - +6 ring of dexterity
HPRegen 0.31/turn    (no ring)
MPRegen 0.09/turn

%: no passive effects
@: tree-form, resistant, weakened, on recite cooldown, attractive, enlightened,
glowing
A: stationary, stasis, torment immunity, boosted hp, (horns 2), (retaliatory
headbutt)
a: Renounce Religion, Recite, Vitalisation, Imprison, Donate Gold


You were on level 4 of the Dungeon.
You worshipped Zin.
Zin was most pleased with you.
You were a tree.
You visited 1 branch of the dungeon, and saw 4 of its levels.

You collected 105 gold pieces.
You donated 10 gold pieces to Zin.

Inventory:

Hand Weapons
 a - a +0 hand axe (weapon)
Missiles
 j - 6 curare-tipped darts (quivered)
Armour
 d - an orb of light (worn)
 i - a +0 pair of gloves (melded)
 r - a +0 chain mail (melded)
Jewellery
 p - a +6 ring of dexterity (left branch)
Scrolls
 b - a scroll of revelation {unknown}
 e - a scroll of blinking {unknown}
 f - 2 scrolls of noise {unknown}
 h - 5 scrolls of identify {unknown}
 l - 2 scrolls of immolation
 s - a scroll of butterflies {unknown}
 t - a scroll of enchant weapon {unknown}
 u - a scroll of enchant armour {unknown}
Potions
 m - 2 potions of attraction
 n - a potion of cancellation {unknown}


   Skills:
 + Level 4.8 Fighting
 * Level 5.9 Axes
 - Level 3.2 Dodging
 + Level 1.2 Invocations


You had 4 spell levels left.
You didn't know any spells.
Your spell library contained the following spells:

 Spells                   Type           Power      Damage    Failure   Level
 Kiss of Death            Conj/Necr      0%         2d5       43%         1
 Confusing Touch          Hex            0%         N/A       80%         3
 Dispel Undead            Necr           0%         3d6       99%         4


Dungeon Overview and Level Annotations

Branches:
Dungeon (4/15)
 Temple: D:4-7

Altars:
Zin


Innate Abilities, Weirdness & Mutations

You are a tree.
Your roots penetrate the ground, keeping you stationary.
You cannot be teleported.
You are immune to unholy pain and torment.
Your maximum health is greatly increased.
Your equipment is partially melded.
((You have a pair of horns on your head.))
((You reflexively headbutt those who attack you in melee.))


Message History

You hit the gnoll but do no damage. You barely miss the gnoll.
The gnoll bouda closely misses you. The gnoll barely misses you.
The gnoll hits you with a +0 flail.
* * * LOW HITPOINT WARNING * * *
It was a potion of attraction.
You feel attractive to monsters. The adder bites you but does no damage.
The gnoll bouda calls upon its god to heal the gnoll.
The gnoll's wounds heal themselves!
The gnoll barely misses you. The gnoll closely misses you.
It was a potion of curing.
You feel better. The adder bites you but does no damage.
The gnoll bouda hits you with a +3 whip.
* * * LOW HITPOINT WARNING * * *
The gnoll hits you with a +0 flail!
* * * LOW HITPOINT WARNING * * *
The adder bites you but does no damage. The gnoll barely misses you.
You feel better.
The gnoll bouda hits you with a +3 whip.
* * * LOW HITPOINT WARNING * * *
The adder bites you but does no damage. The gnoll hits you with a +0 flail.
* * * LOW HITPOINT WARNING * * *
The gnoll hits you but does no damage.
It was a potion of lignification.
You turn into a tree.
Your +0 pair of gloves melds into your body.
Your +0 chain mail melds into your body.
Your roots penetrate the ground.
Zin forgives your inadvertent chaotic act, just this once.
The adder bites you but does no damage.
The gnoll bouda hits you but does no damage.
The gnoll hits you but does no damage. x2
It was a potion of enlightenment.
Your roots keep you in place.
The adder bites you but does no damage.
The gnoll bouda hits you but does no damage.
The gnoll hits you but does no damage. x2
The adder bites you but does no damage.
It was a potion of resistance.
You feel protected. The gnoll bouda barely misses you.
The gnoll hits you with a +0 flail.
You die...

........ ..##..# ....
.....# #... .. #....### g.
....##.. #......# .g
........ ........ .#
##......# ......## ..
#........## .....## #.
#S........# ......# ##.
#♣g..###...
.....#.#..#..###gg###....#
.....#..........g.#.#....#
........#..##.###.........
.......## ...# ##.....#..
........ .....####....##
.#....#..........#)....#
.#.#.........###...##..#.
....######### #....#......


You could see a gnoll bouda, 3 gnolls and an adder.

Vanquished Creatures
  4 gnolls
  An adder (D:2)
  2 ufetubi (D:4)
  4 ribbon worms
  2 orcs
  6 bats
  6 endoplasms
  2 giant cockroaches (D:2)
  10 goblins
  5 hobgoblins
  6 jackals
  3 kobolds
  6 quokkas
  5 ball pythons
  4 frilled lizards (D:1)
  11 rats
77 creatures vanquished.

Notes
Turn   | Place    | Note
-------+----------+-------------------------------------------
     0 | D:1      | sasquatch the Minotaur Monk began the quest for the Orb.
     0 | D:1      | Reached XP level 1. HP: 19/19 MP: 0/0
    43 | D:1      | Reached skill level 4 in Axes
    66 | D:1      | Reached XP level 2. HP: 27/27 MP: 1/1
   268 | D:1      | Reached XP level 3. HP: 22/33 MP: 2/2
   713 | D:2      | Reached skill level 5 in Axes
   762 | D:2      | Found a faded altar of an unknown god.
   831 | D:2      | Prayed at the altar of an unknown god.
   831 | D:2      | Became a worshipper of Zin the Law-Giver
   831 | D:2      | Reached * piety under Zin
   831 | D:2      | Reached ** piety under Zin
   831 | D:2      | Reached *** piety under Zin
   975 | D:2      | Reached XP level 4. HP: 39/41 MP: 3/3
  1761 | D:3      | Reached skill level 1 in Invocations
  2172 | D:4      | Reached XP level 5. HP: 47/47 MP: 4/4
  2351 | D:4      | HP: 2/47 [gnoll/+0 flail[a gnoll bouda] (8)]
  2355 | D:4      | Slain by a gnoll

Illustrated notes

Levels and vault maps discovered:
D:1:      lightli_molten_gateway, layout_basic
D:2:      layout_basic, hellmonk_ecumenical_altar_blasted
D:3:      layout_basic
D:4:      minmay_diamond_boxcup, layout_cave_pools, minmay_temple_entry_tees,
          chequers_big_river, minmay_bisected

Skill      XL: |  1  2  3  4 |
---------------+-------------+-----
Axes           | 4 5 |  5.9
Fighting       | 4 |  4.8
Invocations    | 1 |  1.2
Dodging        | |  3.2

Action                     |  1- 3 |  4- 6 || total
---------------------------+-------+-------++-------
  Melee: Hand axe          |    90 |    61 ||   151
         Headbutt          |    11 |    12 ||    23
 Invoke: Recite            |       |     1 ||     1
    Use: Potion            |       |     7 ||     7
 Armour: Robe              |    39 |    18 ||    57
         Chain mail        |       |    44 ||    44
         Skin              |       |    10 ||    10
  Dodge: Dodged            |    48 |    39 ||    87
